 Dungeon Crawl Stone Soup version 0.17-b1-22-g5359643 (webtiles) character file.

97 Gargoyl the Skirmisher (level 4, -3/35 HPs)
             Began as a Demonspawn Abyssal Knight on Nov 5, 2015.
             Was a Follower of Lugonu.
             Slain by a gnoll
             ... wielding a +0 spear
              (6 damage)
             ... on level 2 of the Dungeon.
             The game lasted 00:02:50 (2199 turns).

Gargoyl the Skirmisher (Demonspawn Abyssal Knight)  Turns: 2199, Time: 00:02:50

Health: -3/35      AC: 14    Str: 13      XL:     4   Next: 42%
Magic:  6/6        EV:  3    Int: 13      God:    Lugonu [*.....]
Gold:   44         SH:  0    Dex: 11 (13) Spells: 0 memorised, 3 levels left

rFire  . . .     SeeInvis .     a - +1 hand axe
rCold  . . .     Clarity  .     h - +0 plate armour
rNeg   . . .     SustAt   .     (no shield)
rPois  .         Gourm    .     i - +1 helmet
rElec  .         Spirit   .     b - +0 cloak (curse)
rCorr  .         Warding  .     (no gloves)
rMut   .         Stasis   .     (no boots)
MR     .....                    (no amulet)
Stlth  ..........               (no ring)
                                (no ring)

@: not resistant to hostile enchantments, extremely unstealthy
A: nightstalker 2
a: Depart the Abyss, Renounce Religion


You were on level 2 of the Dungeon.
You worshipped Lugonu.
Lugonu was aware of your devotion.
You were not hungry.

You visited 1 branch of the dungeon, and saw 2 of its levels.
You visited the Abyss 1 time.

You collected 44 gold pieces.

Inventory:

Hand Weapons
 a - a +1 hand axe (weapon)
Armour
 b - a cursed +0 cloak (worn)
 h - a +0 plate armour (worn)
 i - a +1 helmet (worn)
Wands
 l - a wand of enslavement (5)
Scrolls
 e - a scroll of recharging {unknown}
 f - 2 scrolls of amnesia {unknown}
 g - a scroll of noise {unknown}
 j - a scroll of identify {unknown}
Potions
 k - a potion of degeneration
Comestibles
 c - a bread ration
 d - 5 meat rations


   Skills:
 + Level 3.5 Fighting
 + Level 2.2 Axes
 + Level 2.8 Armour
 + Level 1.8 Dodging
 + Level 0.8 Stealth
 + Level 2.7 Invocations


You had 3 spell levels left.
You didn't know any spells.

Dungeon Overview and Level Annotations

Branches:
Dungeon (2/15)

Altars:
Okawaru


Innate Abilities, Weirdness & Mutations

You are significantly more attuned to the shadows.


Message History

The gnoll is almost dead.
The gnoll hits you with a spear.
* * * LOW HITPOINT WARNING * * *
You closely miss the gnoll.
The gnoll is almost dead.
The gnoll hits you but does no damage.
Your plate armour prevents you from hitting the gnoll.
The gnoll is almost dead.
The gnoll hits you but does no damage. x2
You barely miss the gnoll.
The gnoll is severely wounded.
The gnoll hits you but does no damage.
You closely miss the gnoll.
The gnoll is severely wounded.
The gnoll hits you with a spear.
* * * LOW HITPOINT WARNING * * *
You hit the gnoll but do no damage.
The gnoll is severely wounded.
The gnoll hits you with a spear.
You die...

#...### #.#
...### .. ####
.........##
...............#
...............#
...............#
...............#
...............#
#...g@..(.....##
##...).#.....##
#############


You could see a gnoll.

Vanquished Creatures
  6 gnolls (D:2)
  An ooze (D:2)
  A giant gecko (D:1)
  2 giant cockroaches
  3 goblins
  5 hobgoblins (D:1)
  2 jackals (D:1)
  7 kobolds (D:1)
  3 bats
  2 giant newts (D:1)
  4 rats
36 creatures vanquished.

Notes
Turn   | Place    | Note
--------------------------------------------------------------
     0 | Abyss:1  | Gargoyl the Demonspawn Abyssal Knight began the quest for the Orb.
     0 | Abyss:1  | Reached XP level 1. HP: 18/18 MP: 2/2
    65 | Abyss:1  | Noticed a fire bat
    69 | D:1      | Escaped the Abyss
   363 | D:1      | Reached skill level 1 in Dodging
   366 | D:1      | Found an iron altar of Okawaru.
   724 | D:1      | Gained mutation: You are slightly more attuned to the shadows. [demonic ancestry]
   724 | D:1      | Reached XP level 2. HP: 24/24 MP: 3/3
   946 | D:1      | Reached * piety under Lugonu
  1579 | D:2      | Gained mutation: You are significantly more attuned to the shadows. [demonic ancestry]
  1579 | D:2      | Reached XP level 3. HP: 29/29 MP: 5/5
  1726 | D:2      | HP: 1/29 [gnoll/halberd (4)]
  1736 | D:2      | Reached XP level 4. HP: 2/35 MP: 6/6
  2199 | D:2      | Slain by a gnoll

Action                   |  1- 3 |  4- 6 || total
-------------------------+-------+-------++-------
Melee: Hand axe          |   100 |    20 ||   120
Invok: Depart the Abyss  |     1 |       ||     1
  Use: Potion            |     3 |       ||     3
  Eat: Bread ration      |     1 |       ||     1
